AoeStats
← RickSteel2

Arena

507378686Analyzed
1v1 RM · 15d ago on Sep 18, 2026· 20m 24s· 2 players
Game mode
Random Map
Map size
Tiny (2 player)
Population
200
Speed
Normal
Resources
Standard
Victory
Conquest
Starting age
Dark Age
Ending age
Imperial Age
RankedLock teamsTeams togetherTeam positionsShared explorationLock speedFull tech treeHidden civsTurbo modeCheats
Victory
Defeat
🇺🇸 Byzantines · United States
682
+13
🇲🇽 Tupi · Mexico
623
-13
RickSteel2
11:03 Feudal Age
13:57 Double-Bit Axe
13:54 Horse Collar
16:41 Castle Age
14:44 Gold Mining
16:53 Forging
18:21 Light Cavalry
19:32 Scale Barding Armor
ViJu8718
4:56 Loom
7:53 Feudal Age
15:08 Castle Age
14:09 Stone Mining
14:52 Double-Bit Axe
16:09 Horse Collar
Connection lost

Rejoining the realm…

Still unreachable

The connection could not be restored.

Session expired

The server has moved on; the page needs a fresh start.